 Dungeon Crawl Stone Soup version 0.31-a0-542-gdc2a67831c (webtiles) character file.

Game seed: 3319501168352808748

7 soepkip the Shield-Bearer (level 1, -3/19 HPs)
             Began as a Minotaur Fighter on Aug 14, 2023.
             Slain by a gnoll
             ... wielding a +0 club
              (5 damage)
             ... on level 1 of the Dungeon.
             The game lasted 00:00:50 (135 turns).

soepkip the Shield-Bearer (Minotaur Fighter)         Turns: 135, Time: 00:00:50

Health: -3/19      AC:  6    Str: 20    XL:     1   Next: 91%
Magic:  0/0        EV:  9    Int:  5    God:
Gold:   0          SH:  4    Dex:  9    Spells: 0/0 levels left

rFire   . . .        a - +0 war axe
rCold   . . .        c - +0 buckler
rNeg    . . .        b - +0 scale mail
rPois   .            (helmet restricted)
rElec   .            (no cloak)
rCorr   .            (no gloves)
SInv    .            (no boots)
Will    .....        (no amulet) Stlth
                     (no ring)
HPRegen 0.23/turn    (no ring)
MPRegen 0.07/turn

%: no passive effects
@: no status effects
A: horns 2, retaliatory headbutt
a: no special abilities


You were on level 1 of the Dungeon.
You visited 1 branch of the dungeon, and saw 1 of its levels.

Inventory:

Hand Weapons
 a - a +0 war axe (weapon)
Armour
 b - a +0 scale mail (worn)
 c - a +0 buckler (worn)
Potions
 d - a potion of might
 e - a potion of degeneration {unknown}


   Skills:
 - Level 3.6 Fighting
 + Level 3.3 Axes
 - Level 3.6 Armour
 - Level 3.6 Shields


You couldn't memorise any spells.
You didn't know any spells.
Your spell library was empty.

Dungeon Overview and Level Annotations

Branches:
Dungeon (1/15)

Altars:


Innate Abilities, Weirdness & Mutations

You have a pair of horns on your head.
You reflexively headbutt those who attack you in melee.


Message History

No target in view!
HP restored.
You see here a +0 dagger.
Found a stone staircase leading down.
e - a black potion
Found a stone staircase leading down.
A hobgoblin comes into view.
You see here a scroll labelled TOHIONAA POCO.
A gnoll comes into view. It is wielding a +0 club.
The hobgoblin barely misses you.
The gnoll shouts!
You hit the hobgoblin but do no damage.
You hear an angry hiss.
The hobgoblin barely misses you.
A ball python comes into view.
The hobgoblin hits you but does no damage.
You hit the hobgoblin but do no damage. The hobgoblin barely misses you.
You furiously retaliate!
You headbutt the hobgoblin. You barely miss the hobgoblin.
The hobgoblin is severely wounded.
You slash the gnoll! The gnoll hits you with a +0 club.
The hobgoblin closely misses you. You furiously retaliate!
You headbutt the hobgoblin.
You kill the hobgoblin!
You closely miss the gnoll.
The gnoll is severely wounded.
The gnoll hits you with a +0 club. The gnoll hits you with a +0 club!
* * * LOW HITPOINT WARNING * * *
An endoplasm comes into view.
You block the ball python's attack. The ball python closely misses you.
You are too injured to fight recklessly!
You are too injured to fight recklessly!
You are too injured to fight recklessly!
You take 18 damage, and have 1/19 hp.
You barely miss the gnoll.
The gnoll is heavily wounded.
You closely miss the ball python.
The ball python bites you but does no damage.
You block the ball python's attack. The gnoll hits you with a +0 club.
You die...

# ....... .J... ....#'#
###### ...#.# ####....#
...#.#
........########....##.#
####............Sg>....#
#######........?@†.#
#.#.#.#.#.#.#.#.#.##
..^................#
#.#.#.#)#.#.#.#.#.##
......)........>...#
#.#.#.#.#.#.#.#.#.##
###...†............# #
####.).......)...#
############


You could see a gnoll, an endoplasm and a ball python.

Vanquished Creatures
  3 goblins (D:1)
  2 hobgoblins (D:1)
  A ball python (D:1)
  A rat (D:1)
7 creatures vanquished.

Notes
Turn   | Place    | Note
-------+----------+-------------------------------------------
     0 | D:1      | soepkip the Minotaur Fighter began the quest for the Orb.
     0 | D:1      | Reached XP level 1. HP: 19/19 MP: 0/0
   135 | D:1      | Slain by a gnoll

Illustrated notes

Levels and vault maps discovered:
D:1:      heliophobic_arrival_dark_side_of_the_moon, layout_basic, st_stairs_13,
          minmay_domino_4

Skill      XL: |  1 |
---------------+----+-----
Axes           | 3 |  3.3
Fighting       | |  3.6
Armour         | |  3.6
Shields        | |  3.6

Action                     || total
---------------------------++-------
  Melee: War axe           ||    21
         Headbutt          ||     1
 Armour: Scale mail        ||     8
  Dodge: Dodged            ||    16
  Block: Buckler           ||     4

Table legend: (Time is in decaauts)
 A = Elapsed time spent in this place.
 B = Non-inter-level travel time spent in this place.
 C = Inter-level travel time spent in this place.
 D = Time resting spent in this place.
 E = Time spent auto-exploring this place.
 F = Levels seen in this place.
 G = Mean time per level.
                   A        B        C        D        E       F      G
               +--------+--------+--------+--------+--------+-----+--------+
         Total |    143 |    143 |      0 |      0 |     95 |   1 |  143.0 |
       Dungeon |    143 |    143 |      0 |      0 |     95 |   1 |  143.0 |
               +--------+--------+--------+--------+--------+-----+--------+

Top non-repeatable levels by time:
     D:1: 143 daAuts
